cohdb
Replays
Latest Replays
All Replays
Popular Replays
Top Player Replays
Match Explorer
How It Works
Community
CoH3 Stats
Reddit
Sign in to upload your games and track your stats! →
Sign in with Steam
Match 31913882
Unlisted
Match 31913882
Overview
Messages
Build Orders
End
Selects Italian Combined Arms Battlegroup
Selects Bersaglieri Squad
Bersaglieri Squad
Kradschützen Motorcycle Team
Bersaglieri Squad
Construct Light Support Kompanie
Bersaglieri Squad
Selects Bersaglieri Bolster
2.5-tonne Medical Truck
Fire Support Elements
MG34 Team
Selects Breda Model 30 Light Machine Guns
le.IG 18 Mechanized Group
Combat Half-tracks
Veteran Squad Leaders
Pak 38 Anti-tank Gun Team
Construct Panzerarmee Kommand
Selects Semovente da 75/18 Assault Gun
2.5-tonne Medical Truck
Armored Reserves
Okawari
Krotesc
Catboy Supremacy
[EASY] CLUBs37
0
0
Comments
sign in to comment!
No comments posted yet!